 Dungeon Crawl Stone Soup version 0.20.1-1-g8b1a95d (webtiles) character file.

48 codl the Skirmisher (level 3, 0/29 HPs)
             Began as a Demonspawn Abyssal Knight on July 27, 2017.
             Was a Follower of Lugonu.
             Slain by an adder (3 damage)
             ... on level 1 of the Dungeon.
             The game lasted 00:17:13 (1465 turns).

codl the Skirmisher (Demonspawn Abyssal Knight)     Turns: 1465, Time: 00:17:13

Health: 0/29       AC:  4    Str: 15    XL:     3   Next: 50%
Magic:  5/5        EV: 11    Int: 16    God:    Lugonu [*.....]
Gold:   90         SH:  0    Dex: 15    Spells: 2/2 levels left

rFire    . . .     SeeInvis .   a - +1 spear
rCold    . . .     Gourm    .   (no shield)
rNeg     . . .     Faith    .   e - +0 leather armour
rPois    .         Spirit   .   (no helmet)
rElec    .         Reflect  .   (no cloak)
rCorr    .         Harm     .   d - +0 pair of gloves {Str+3}
MR       .....                  (no boots)
Stlth    ++........             (no amulet)
Regen    0.1/turn               f - +3 ring of intelligence
MPRegen  0.1/turn               (no ring)

@: lethally poisoned (0 -> -8)
A: claws 1, thin skeletal structure 1
a: Depart the Abyss, Renounce Religion


You were on level 1 of the Dungeon.
You worshipped Lugonu.
Lugonu was aware of your devotion.
You were not hungry.

You visited 1 branch of the dungeon, and saw 2 of its levels.
You visited the Abyss 1 time.

You collected 90 gold pieces.

Inventory:

Hand Weapons
 a - a +1 spear (weapon)
 b - a +0 hunting sling
Missiles
 h - 57 stones (quivered)
 i - 45 sling bullets
Armour
 d - a +0 pair of gloves of strength (worn)
 e - a +0 leather armour (worn)
Jewellery
 f - a +3 ring of intelligence (left hand)
Scrolls
 j - a scroll of blinking {unknown}
 m - 2 scrolls of teleportation {unknown}
 n - a scroll of remove curse
 p - a scroll of identify
Potions
 c - a potion of brilliance {unknown}
 g - a potion of flight {unknown}
Comestibles
 k - a royal jelly
 l - a meat ration
 o - 3 chunks of flesh


   Skills:
 + Level 3.6 Fighting
 + Level 2.4 Polearms
 + Level 2.0 Armour
 + Level 1.1 Dodging
 + Level 0.2 Stealth
 + Level 2.8 Invocations


You had 2 spell levels left.
You didn't know any spells.

Dungeon Overview and Level Annotations

Branches:
Dungeon (2/15)

Altars:


Innate Abilities, Weirdness & Mutations

You have sharp fingernails.
You have a somewhat thin skeletal structure. (Dex +2, Stealth)


Message History

* * * LOW HITPOINT WARNING * * *
You feel sick. The adder closely misses you.
You climb upwards.
* * * LOW HITPOINT WARNING * * *
You feel sick.
There is a stone staircase leading down here.
You barely miss the adder.
The adder is heavily wounded.
* * * LOW HITPOINT WARNING * * *
You feel sick. The adder closely misses you.
You closely miss the adder.
The adder is heavily wounded.
* * * LOW HITPOINT WARNING * * *
You feel sick. The adder bites you.
* * * LOW HITPOINT WARNING * * *
You closely miss the adder.
The adder is heavily wounded.
* * * LOW HITPOINT WARNING * * *
You feel sick. The adder bites you.
You die...

.......# #.............##.##.
...)...# #####.##.####.##..#.
.......# #.##.# #>###.#. .......#
#.##.####.###)#.
##..##############.##........#.#.
................##.#######.#.#.#.
.#..######.###..##.#######.#.#.#.
.#..# #.###..##...............
.#..######......@...########.....
.#...............S.## #..###
.##.##########..#### #..# .##.#
#..# #..# .##.# #..# #..#
.##.##########..# #..#
.##.............# #..#
.#######........# #..# .#
#.######## #..#


You could see an adder.

Vanquished Creatures
  2 leopard geckos (D:1)
  A ball python (D:1)
  3 bats (D:1)
  2 giant cockroaches
  2 goblins
  5 hobgoblins
  9 jackals (D:1)
  2 frilled lizards
  9 kobolds
  6 rats (D:1)
41 creatures vanquished.

Notes
Turn   | Place    | Note
-------+----------+-------------------------------------------
     0 | Abyss:1  | codl the Demonspawn Abyssal Knight began the quest for the Orb.
     0 | Abyss:1  | Reached XP level 1. HP: 18/18 MP: 2/2
     4 | Abyss:1  | Found a corrupted altar of Lugonu.
    74 | D:1      | Escaped the Abyss
   184 | D:1      | Reached * piety under Lugonu
   184 | D:1      | Gained mutation: You have sharp fingernails. [demonic ancestry]
   184 | D:1      | Reached XP level 2. HP: 24/24 MP: 4/4
   508 | D:1      | Reached skill level 1 in Dodging
   551 | D:1      | Gained mutation: You have a somewhat thin skeletal structure. (Dex +2, Stealth) [demonic ancestry]
   551 | D:1      | Reached XP level 3. HP: 26/29 MP: 5/5
  1316 | D:2      | i like how tail armour is "boots" armour
  1465 | D:1      | Slain by an adder

Skill      XL: |  1  2 |
---------------+-------+-----
Polearms       | 2 |  2.4
Armour         | 2 |  2.0
Dodging        | 1 |  1.1
Fighting       | |  3.6
Stealth        | |  0.2
Invocations    | |  2.8

Action                   || total
-------------------------++-------
Melee: Spear             ||   152
 Fire: Hunting sling     ||     4
Throw: Stone             ||     5
Invok: Depart the Abyss  ||     1
  Use: Scroll            ||     2
 Stab: Sleeping          ||     3
  Eat: Bread ration      ||     1
Armor: Leather armour    ||    40
Dodge: Dodged            ||    72
